 Dungeon Crawl Stone Soup version 0.28.0-53-g5a82cb258f (webtiles) character file.

Game seed: 15238143028508255616

6745 GanhBanh the Grappler (level 10, 0/79 HPs)
             Began as a Demonspawn Berserker on June 17, 2022.
             Was a Believer of Trog.
             Succumbed to a red devil's poison
             ... on level 9 of the Dungeon.
             The game lasted 00:52:30 (12407 turns).

GanhBanh the Grappler (Demonspawn Berserker)       Turns: 12407, Time: 00:52:30

Health: 0/79       AC: 15    Str: 22      XL:     10   Next: 75%
Magic:  10/10      EV:  8    Int:  9      God:    Trog [**....]
Gold:   1082       SH:  0    Dex: 25 (26) Spells: 9/9 levels left

rFire   . . .      SeeInvis .     - Unarmed
rCold   . . .      Faith    .   (no shield)
rNeg    . . .      Spirit   .   B - +0 plate armour
rPois   .          Reflect  .   (helmet restricted)
rElec   .          Harm     .   k - +1 cloak
rCorr   .          Rampage  .   (no gloves)
Will    .....      Clarity  +   (no boots)
Stlth   ..........              (no amulet)
HPRegen 0.23/turn               l - +6 ring of dexterity
MPRegen 0.24/turn               h - +6 ring of dexterity

@: mighty, brilliant, lethally poisoned (0 -> -28), about to teleport, spiked,
on berserk cooldown, slowed, very slow
A: claws 2, horns 2, powered by death 1, magic regeneration, clarity, strong 1,
wild magic 1
a: Renounce Religion, Berserk, Trog's Hand


You were on level 9 of the Dungeon.
You worshipped Trog.
Trog was pleased with you.
You visited 1 branch of the dungeon, and saw 9 of its levels.

You collected 1345 gold pieces.
You spent 263 gold pieces at shops.

Inventory:

Missiles
 u - 4 throwing nets (quivered)
 v - 12 poisoned darts
 w - 7 atropa-tipped darts
Armour
 a - the +0 leather armour "Cacae" {Drain rElec rCorr Dex+7}
   (You bought it in a shop on level 5 of the Dungeon)

   Dex:       It affects your dexterity (+7).
   rElec:     It insulates you from electricity.
   rCorr:     It protects you from acid and corrosion.
   Drain:     It drains your maximum health when unequipped.
 k - a +1 cloak (worn)
 z - a +2 leather armour of cold resistance
 B - a +0 plate armour (worn)
 D - the +5 scale mail of the Moon {rN+}
   (You found it on level 9 of the Dungeon)

   rN:        It protects you from negative energy.
Jewellery
 h - a +6 ring of dexterity (right claw)
 l - a +6 ring of dexterity (left claw)
 A - a ring of poison resistance
Wands
 s - a wand of digging (8)
 x - a wand of flame (9)
 y - a wand of polymorph (3)
 C - a wand of charming (4)
Scrolls
 f - a scroll of teleportation
 g - 2 scrolls of identify
 i - a scroll of magic mapping {unknown}
 o - 2 scrolls of immolation
 q - a scroll of amnesia
 r - a scroll of acquirement
 t - 2 scrolls of noise
 F - a scroll of fog
 G - a scroll of brand weapon {unknown}
Potions
 b - 2 potions of might
 c - a potion of resistance
 d - 5 potions of degeneration
 e - a potion of invisibility
 j - a potion of cancellation
 n - 4 potions of flight
 p - a potion of ambrosia
 E - a potion of lignification {unknown}


   Skills:
 * Level 7.1 Fighting
 + Level 6.8 Armour
 + Level 3.2 Dodging
 * Level 12.3 Unarmed Combat
 + Level 0.1 Evocations


You had 9 spell levels left.
You didn't know any spells.
Your spell library was empty.

Dungeon Overview and Level Annotations

Branches:
Dungeon (9/15)             Temple (0/1) D:5            Lair (0/6) D:8
    Orc: D:9-12

Altars:
Fedhas
Gozag
Kikubaaqudgha
Makhleb
Nemelex Xobeh
Wu Jian
Xom
Zin

Shops:
D:5 [??(


Innate Abilities, Weirdness & Mutations

You have very sharp fingernails.
You have a pair of horns on your head.
You regenerate a little health from kills.
You regenerate magic rapidly.
You possess an exceptional clarity of mind.
Your muscles are strong. (Str +2)
Your spells are a little harder to cast, but a little more powerful.


Message History

The ufetubus barely misses you.
The ufetubus hits you but does no damage.
The red devil barely misses you.
The red devil hits you but does no damage.
The ynoxinul gestures at you. The iron shot hits you.
The kobold demonologist barely misses you.
The ufetubus barely misses you.
The ufetubus hits you but does no damage. x3
The kobold demonologist casts a spell.
The red devil hits you from afar with a +2 trident of protection.
Barbed spikes become lodged in your body.
You mangle the kobold demonologist!!
The kobold demonologist is heavily wounded.
You feel very sick.
The ufetubus hits you but does no damage. x2
The ufetubus barely misses you.
The ufetubus hits you but does no damage.
The kobold demonologist gestures wildly while chanting.
The red devil hits you from afar with a +0 demon trident of venom.
Barbed spikes become lodged in your body.
You are more poisoned.
The ynoxinul hits you. The ufetubus hits you.
The ufetubus hits you but does no damage. x2
The ufetubus hits you.
* * * LOW HITPOINT WARNING * * *
The red devil hits you from afar with a +2 trident of protection.
* * * LOW HITPOINT WARNING * * *
Barbed spikes become lodged in your body.
The kobold demonologist hits you with a +0 dagger.
* * * LOW HITPOINT WARNING * * *
The ynoxinul hits you but does no damage.
The red devil hits you from afar with a +0 demon trident of venom!
* * * LOW HITPOINT WARNING * * *
Barbed spikes become lodged in your body.
You are more poisoned.
You closely miss the kobold demonologist.
Your claw misses the kobold demonologist.
The kobold demonologist is heavily wounded.
You die...

########################
........................
........................
........................
.....................###
.....................# #
.....5.@54...........# #
.....43K5K...........###
....5K5K.4..............
##K5..5...#'#######.....
.'........#.......#.....
.#........#.......#.....
#........#.......#.....
#........#.......#.....
#....###.#.......#.....


You could see an orange demon (summoned), 3 kobold demonologists, a ynoxinul
(summoned), 2 red devils, a kobold brigand, 2 iron imps, a white imp (summoned),
a shadow imp (summoned), 3 ufetubi and a kobold.

Vanquished Creatures
  A two-headed ogre (D:8)
  An ugly thing (D:8)
  A kobold demonologist (D:9)
  A komodo dragon (D:8)
  The ghost of hitsuchi the Stinger, a novice OpVM (D:5)
  A troll (D:9)
  Sigmund (D:3)
  Eustachio (D:5)
  Grum (D:8)
  A steam dragon (D:7)
  Duvessa (D:5)
  8 water moccasins
  2 necrophages
  3 black bears
  3 centaurs
  5 ogres
  2 wolves (D:8)
  Blork the orc (D:4)
  2 kobold brigands
  A bullfrog (D:8)
  A gnoll sergeant (D:5)
  3 scorpions
  Dowan (D:5)
  2 electric eels (D:7)
  6 killer bees (D:9)
  8 wights (D:8)
  3 howler monkeys (D:7)
  A bullfrog zombie (D:6)
  A centaur zombie (D:9)
  3 jellies
  A gnoll shaman (D:6)
  A centaur skeleton (D:7)
  3 hounds
  4 iguanas
  A killer bee zombie (D:8)
  A howler monkey zombie (D:8)
  16 gnolls
  4 adders
  2 white imps
  An ufetubus (D:6)
  A worm (D:3)
  2 dart slugs
  9 orcs
  2 endoplasms (D:4)
  5 giant cockroaches
  5 goblins
  6 hobgoblins
  5 jackals
  A quokka (D:1)
  6 ball pythons
  5 bats
  A frilled lizard (D:1)
  11 kobolds
  4 rats
164 creatures vanquished.

Vanquished Creatures (others)
  30 fungi (D:8)
  56 plants
86 creatures vanquished.

Grand Total: 250 creatures vanquished

Notes
Turn   | Place    | Note
-------+----------+-------------------------------------------
     0 | D:1      | GanhBanh the Demonspawn Berserker began the quest for the
                  | Orb.
     0 | D:1      | Reached XP level 1. HP: 18/18 MP: 1/1
   334 | D:1      | Reached skill level 3 in Unarmed Combat
   334 | D:1      | Gained mutation: You regenerate a little health from kills.
                  | [demonic ancestry]
   334 | D:1      | Reached XP level 2. HP: 14/24 MP: 2/2
   932 | D:1      | Found a faded altar of an unknown god.
  1367 | D:2      | Discovered your monstrous ancestry.
  1367 | D:2      | Gained mutation: You have sharp fingernails. [demonic
                  | ancestry]
  1367 | D:2      | Reached XP level 3. HP: 19/29 MP: 3/3
  2297 | D:3      | Found a burning altar of Makhleb.
  2319 | D:3      | Noticed Sigmund
  2336 | D:3      | Gained mutation: You possess an exceptional clarity of
                  | mind. [potion of mutation]
  2336 | D:3      | Gained mutation: Your muscles are strong. (Str +2) [potion
                  | of mutation]
  2336 | D:3      | Gained mutation: Your spells are a little harder to cast,
                  | but a little more powerful. [potion of mutation]
  2339 | D:3      | Killed Sigmund
  2340 | D:3      | Reached skill level 4 in Unarmed Combat
  2340 | D:3      | Gained mutation: You have a pair of small horns on your
                  | head. [demonic ancestry]
  2340 | D:3      | Reached XP level 4. HP: 21/37 MP: 4/4
  2340 | D:3      | Gained mutation: You have very sharp fingernails. [demonic
                  | ancestry]
  2340 | D:3      | Reached XP level 5. HP: 24/42 MP: 5/5
  2644 | D:3      | Reached skill level 5 in Unarmed Combat
  2733 | D:3      | Reached ** piety under Trog
  3182 | D:4      | Noticed Blork the orc
  3194 | D:4      | Killed Blork the orc
  3195 | D:4      | Reached XP level 6. HP: 25/48 MP: 6/6
  3429 | D:4      | Found an ornate altar of the Wu Jian Council.
  4012 | D:4      | Reached skill level 6 in Unarmed Combat
  4012 | D:4      | Reached XP level 7. HP: 43/55 MP: 7/7
  4230 | D:4      | Found a sparkling altar of Nemelex Xobeh.
  4513 | D:5      | Entered Level 5 of the Dungeon
  4558 | D:5      | Noticed Dowan
  4560 | D:5      | Noticed Duvessa
  4571 | D:5      | Killed Duvessa
  4573 | D:5      | Killed Dowan
  4628 | D:5      | Found Zuude's Magic Scroll Emporium.
  4637 | D:5      | Bought a scroll of identify for 26 gold pieces
  4640 | D:5      | Found Raegoh's Weapon Emporium.
  4673 | D:5      | Reached skill level 7 in Unarmed Combat
  4938 | D:5      | Noticed Eustachio
  4947 | D:5      | Reached XP level 8. HP: 61/61 MP: 8/8
  4957 | D:5      | Killed Eustachio
  4958 | D:5      | Reached skill level 5 in Fighting
  4974 | D:5      | Reached skill level 8 in Unarmed Combat
  5029 | D:5      | Found Jemmumut's Magic Scroll Boutique.
  5037 | D:5      | Bought a scroll of summoning for 104 gold pieces
  5052 | D:5      | Found a staircase to the Ecumenical Temple.
  5142 | D:5      | Found Seulun's Antique Armour Boutique.
  5326 | D:5      | Found a runed translucent door.
  5328 | D:5      | Noticed hitsuchi's ghost (novice OpVM)
  5481 | D:5      | Killed hitsuchi's ghost
  6141 | D:6      | You fall into a shaft and drop 1 floor!
  6141 | D:7      | Found a shimmering altar of Xom.
  6268 | D:7      | Reached skill level 9 in Unarmed Combat
  6268 | D:7      | Gained mutation: You regenerate magic rapidly. [demonic
                  | ancestry]
  6268 | D:7      | Reached XP level 9. HP: 60/69 MP: 9/9
  6526 | D:5      | Bought a translucent leather armour for 133 gold pieces
  6526 | D:5      | Identified the +0 leather armour "Cacae" {Drain rElec rCorr
                  | Dex+7} (You bought it in a shop on level 5 of the Dungeon)
  6841 | D:6      | Found a blossoming altar of Fedhas.
  7021 | D:6      | Found an ancient bone altar of Kikubaaqudgha.
  7579 | D:7      | Found an opulent altar of Gozag.
  7664 | D:7      | Reached skill level 5 in Armour
  7697 | D:7      | Identified the +4 short sword of Qischaumi {vorpal, rC+
                  | Will- Dex+2}
  7749 | D:7      | Reached skill level 10 in Unarmed Combat
  8232 | D:8      | Identified 2 scrolls of acquirement
  8232 | D:8      | Acquired 813 gold pieces
  8276 | D:8      | Noticed Grum
  8907 | D:8      | Killed Grum
  9033 | D:8      | Found a staircase to the Lair.
  9043 | D:8      | Gained mutation: You have a pair of horns on your head.
                  | [demonic ancestry]
  9043 | D:8      | Reached XP level 10. HP: 63/75 MP: 10/10
  9059 | D:8      | Reached skill level 11 in Unarmed Combat
  9136 | D:8      | Noticed a white ugly thing
  9147 | D:8      | Killed a white ugly thing
  9536 | D:8      | Noticed a two-headed ogre
  9541 | D:8      | Killed a two-headed ogre
 12297 | D:9      | Reached skill level 12 in Unarmed Combat
 12311 | D:9      | Identified the +5 scale mail of the Moon {rN+}
 12375 | D:9      | Noticed an orange demon
 12405 | D:9      | Noticed an orange demon
 12407 | D:9      | Succumbed to a red devil's poison

Illustrated notes

Levels and vault maps discovered:
D:1:      roderic_octagonal_star, layout_loops_ring,
          ebering_ecumenical_altar_hall
D:2:      layout_basic
D:3:      layout_loops_ring, bloody_makhleb, uniq_sigmund
D:4:      layout_gridville, mainiacjoe_overflow_surrounded_room,
          nicolae_overflow_hidden_temple, lemuel_coloured_pillars_altar,
          serial_forest, infiniplex_forest_clump_medium,
          infiniplex_forest_lined_3, infiniplex_forest_join,
          infiniplex_forest_clump_small, infiniplex_forest_corner_1,
          nicolae_grassy_gnolls, uniq_blork_the_orc
D:5:      layout_loops_ring, minmay_temple_entry_mini_moons,
          ebering_ghost_inner_flame, serial_shops, nicolae_shop_stone, shop,
          nicolae_shop_waterfront, nicolae_shop_bloodbath_and_beyond,
          uniq_eustachio, uniq_duvessa
D:6:      layout_basic, nicolae_overflow_crystal_walls, amcnicky_altar_gilded,
          nicolae_figureground_sparkle
D:7:      layout_basic, mainiacjoe_overflow_catch_the_wave
D:8:      layout_rooms, due_lair_maze_entry_diamond, enter_ossuary_2, uniq_grum
D:9:      layout_stronghold, uniq_prince_ribbit1

Skill      XL: |  1  2  3  4  5  6  7  8  9 10 |
---------------+-------------------------------+-----
Unarmed Combat | 3 4 5 6 7 9 10 12 | 12.3
Dodging        | 2 3 |  3.2
Fighting       | 4 5 6 7 |  7.1
Armour         | 2 3 4 5 6 |  6.8
Evocations     | |  0.1

Action                   |  1- 3 |  4- 6 |  7- 9 | 10-12 || total
-------------------------+-------+-------+-------+-------++-------
Melee: Unarmed           |   111 |    68 |   225 |    94 ||   498
       Punch             |     2 |     4 |    12 |     5 ||    23
       Headbutt          |       |    11 |    53 |    14 ||    78
Invok: Berserk           |     1 |     2 |     8 |     7 ||    18
       Trog's Hand       |       |       |     6 |     7 ||    13
Evoke: Wand              |       |       |     3 |       ||     3
  Use: Potion            |     4 |     1 |     2 |     4 ||    11
       Scroll            |       |       |    13 |     1 ||    14
Armor: Animal skin       |    11 |       |       |       ||    11
       Ring mail         |    23 |     9 |       |       ||    32
       Chain mail        |       |     8 |    43 |       ||    51
       Plate armour      |       |       |    85 |   146 ||   231
Dodge: Dodged            |    69 |    27 |    97 |   102 ||   295
